 Dungeon Crawl Stone Soup version 0.29.1-12-g30fa7ad0bf (webtiles) character file.

Game seed: 8013324343359169048

12 hawla the Firebug (level 2, -4/19 (20) HPs)
             Began as a Meteoran Fire Elementalist on Dec 29, 2022.
             Slain by a necrophage (6 damage)
             ... on level 3 of the Dungeon.
             The game lasted 00:01:42 (160 turns).

hawla the Firebug (Meteoran Fire Elementalist)       Turns: 160, Time: 00:01:42

HP:   -4/19 (20)    AC:  2    Str:  9    XL:     2   Next: 64%
MP:   1/6           EV: 12    Int: 16    God:
Gold: 57            SH:  0    Dex: 14    Spells: 5/6 levels left

rFire   . . .      SeeInvis .   (no weapon)
rCold   . . .      Faith    .   (no shield)
rNeg    . . .      Spirit   .   a - +0 robe
rPois   .          Reflect  .   (no helmet)
rElec   .          Harm     .   (no cloak)
rCorr   .          Rampage  .   (no gloves)
Will    .....                   (no boots)
Stlth   +.........              (no amulet)
HPRegen 0.06/turn               (no ring)
MPRegen 0.10/turn               (no ring)

@: glowing, drained
A: sense surroundings 1, otherworldly, glowing, explore regen
a: no special abilities


You were on level 3 of the Dungeon.
You visited 1 branch of the dungeon, and saw 4 of its levels.

You collected 57 gold pieces.

Inventory:

Armour
 a - a +0 robe (worn)
Potions
 b - a potion of magic


   Skills:
 + Level 2.5 Dodging
 - Level 1.4 Stealth
 + Level 2.8 Spellcasting
 + Level 1.2 Conjurations
 + Level 4.3 Fire Magic


You had 5 spell levels left.
You knew the following spells:

 Your Spells              Type           Power      Damage    Failure   Level
a - Foxfire               Conj/Fire      44%        2x1d6     6%          1

Your spell library contained the following spells:

 Spells                   Type           Power      Damage    Failure   Level
 Scorch                   Fire           32%        2d7       4%          2
 Conjure Flame            Conj/Fire      11%        6-21      19%         3
 Inner Flame              Hex/Fire       9%         N/A       24%         3
 Flame Wave               Conj/Fire      11%        2d6       52%         4


Dungeon Overview and Level Annotations

Branches:
Dungeon (4/15) Zot: 2240
 Temple: D:4-7

Altars:


Innate Abilities, Weirdness & Mutations

You passively map a small area around you.
You are easily found by Zot.
You glow in the dark.
You regain HP and MP as you explore.


Message History

The necrophage hits you.
Your Fire Magic skill increases to level 4!
You have reached level 2!
You hit the necrophage but do no damage.
The necrophage is heavily damaged.
The foxfire hits the necrophage but does no damage.
The necrophage is heavily damaged.
The foxfire hits the necrophage.
The necrophage is heavily damaged.
The necrophage closely misses you.
The necrophage attacks as you move away!
The necrophage barely misses you. The necrophage closely misses you.
The necrophage attacks as you move away!
The necrophage closely misses you.
The necrophage attacks as you move away!
The necrophage hits you. The necrophage hits you.
* * * LOW HITPOINT WARNING * * *
There is a stone staircase leading up, spattered with blood here.
The necrophage hits you.
* * * LOW HITPOINT WARNING * * *
You feel drained.
You climb upwards.
There is a stone staircase leading down here.
Casting: Foxfire (safe; 6% risk of failure)
Confirm with . or Enter, or press ? or * to list all spells.
You conjure some foxfire!
The necrophage hits you.
* * * LOW HITPOINT WARNING * * *
The foxfire hits the necrophage.
The necrophage is heavily damaged.
The foxfire hits the necrophage.
The necrophage is severely damaged.
The necrophage hits you but does no damage.
The necrophage attacks as you move away!
The necrophage hits you.
* * * LOW HITPOINT WARNING * * *
The necrophage attacks as you move away!
The necrophage hits you.
You die...

###########
#.n......<##
#@##....##.#
#.##.#####.#
*####.##.#####.##
, ,
.......>.......#
*###.........#..#
##.##.###.#..#
#.##.# #.#..#
#..... ......* ,
, ,,....,......#


You could see a necrophage.

Vanquished Creatures
  A gnoll (D:4)
  An endoplasm (D:1)
  A quokka (D:1)
3 creatures vanquished.

Vanquished Creatures (others)
  18 foxfires
18 creatures vanquished.

Grand Total: 21 creatures vanquished

Notes
Turn   | Place    | Note
-------+----------+-------------------------------------------
     0 | D:1      | hawla the Meteoran Fire Elementalist began the quest for
                  | the Orb.
     0 | D:1      | Reached XP level 1. HP: 14/14 MP: 5/5
    51 | D:1      | Found a faded altar of an unknown god.
   136 | D:4      | Noticed a necrophage
   143 | D:4      | Reached skill level 4 in Fire Magic
   143 | D:4      | Reached XP level 2. HP: 13/20 MP: 0/6
   160 | D:3      | Slain by a necrophage

Illustrated notes

Levels and vault maps discovered:
D:1:      spicycebolla_green_bress_n_ham_2, layout_basic,
          hellmonk_ecumenical_altar_run_dry
D:2:      layout_basic, uniq_terence, uniq_crazy_yiuf_cottage
D:3:      layout_basic, minmay_diced_spiral, uniq_ijyb
D:4:      layout_basic, minitemple, grunt_ministairs_11, lightli_minifort,
          uniq_pikel, uniq_duvessa

Skill      XL: |  1 |
---------------+----+-----
Fire Magic     | 4 |  4.3
Dodging        | |  2.5
Stealth        | |  1.4
Spellcasting   | |  2.8
Conjurations   | |  1.2

Action                   || total
-------------------------++-------
Melee: Unarmed           ||     3
 Cast: Foxfire           ||    10
  Use: Scroll            ||     4
Armor: Robe              ||     1
Dodge: Dodged            ||     5
